 Dungeon Crawl Stone Soup version 0.25.0-41-g26779e291d (webtiles) character file.

Game seed: 2905548564609775907

49 Delamore the Skirmisher (level 3, 0/24 HPs)
             Began as a Gargoyle Fighter on July 10, 2020.
             Slain by a gnoll
             ... wielding a +0 spear
              (4 damage)
             ... on level 2 of the Dungeon.
             The game lasted 00:01:17 (884 turns).

Delamore the Skirmisher (Gargoyle Fighter)           Turns: 884, Time: 00:01:18

Health: 0/24       AC: 10    Str: 20    XL:     3   Next: 77%
Magic:  3/3        EV:  7    Int:  8    God:
Gold:   30         SH:  9    Dex:  9    Spells: 2/2 levels left

rFire    . . .     SeeInvis .   a - +0 flail
rCold    . . .     Gourm    .   c - +0 kite shield
rNeg     + . .     Faith    .   b - +0 scale mail
rPois    ∞         Spirit   .   (no helmet)
rElec    +         Reflect  .   (no cloak)
rCorr    .         Harm     .   (no gloves)
MR       .....                  (no boots)
Stlth    ..........             (no amulet)
HPRegen  0.08/turn              (no ring)
MPRegen  0.08/turn              (no ring)

@: no status effects
A: negative energy resistance 1, electricity resistance, unbreathing,
petrification resistance, rot immunity, AC +3
a: no special abilities


You were on level 2 of the Dungeon.
You were not hungry.

You visited 1 branch of the dungeon, and saw 2 of its levels.

You collected 30 gold pieces.

Inventory:

Hand Weapons
 a - a +0 flail (weapon)
Armour
 b - a +0 scale mail (worn)
 c - a +0 kite shield (worn)
Jewellery
 k - an uncursed ring of fire {unknown}
 m - an uncursed amulet of magic regeneration {unknown}
 p - an uncursed ring of resist corrosion {unknown}
Scrolls
 e - a scroll of fear {unknown}
 i - a scroll of enchant armour {unknown}
 l - a scroll of amnesia {unknown}
 o - a scroll of fog {unknown}
 q - 4 scrolls of teleportation {unknown}
Potions
 d - a potion of might
 h - a potion of curing {unknown}
 j - 3 potions of haste {unknown}
 n - a potion of lignification {unknown}
Comestibles
 f - 3 rations
 g - 6 chunks of flesh


   Skills:
 + Level 4.2 Fighting
 + Level 3.1 Maces & Flails
 - Level 3.2 Armour
 - Level 3.2 Shields


You had 2 spell levels left.
You didn't know any spells.
Your spell library was empty.

Dungeon Overview and Level Annotations

Branches:
Dungeon (2/15)

Altars:


Innate Abilities, Weirdness & Mutations

You are resistant to torment.
Your stone body is resilient. (AC +3)
You are immune to poison.
You resist negative energy. (rN+)
You are resistant to electric shocks. (rElec)
You can survive without breathing.
You are immune to petrification.
You are immune to rotting.


Message History

You hit the gnoll but do no damage.
The gnoll is severely wounded.
The gnoll closely misses you. The gnoll hits you with a +0 whip.
* * * LOW HITPOINT WARNING * * *
You hit the gnoll.
You kill the gnoll!
The gnoll barely misses you.
You sock the hobgoblin!
You kill the hobgoblin!
The gnoll hits you but does no damage.
The gnoll hits you from afar with a +0 spear.
* * * LOW HITPOINT WARNING * * *
The gnoll hits you but does no damage.
You closely miss the gnoll. The gnoll hits you but does no damage.
You block the gnoll's attack.
You closely miss the gnoll. You block the gnoll's attack.
The gnoll hits you but does no damage.
You barely miss the gnoll.
The gnoll hits you from afar with a +0 spear.
You die...

......#.#
.....#.##
#......#
#.....#
####.....#
#......†.#
#.##....g#
####g## #@#
#.# #.####
#....#
.#####.##.##
.........#..##
#.###..##.#..#
#..#.###.#
#.#.#.#.##


You could see 2 gnolls.

Vanquished Creatures
  2 gnolls (D:2)
  A leopard gecko (D:1)
  A giant cockroach (D:1)
  4 goblins
  3 hobgoblins
  5 kobolds (D:1)
  A ball python (D:2)
  4 bats
  A frilled lizard (D:2)
  6 rats
28 creatures vanquished.

Notes
Turn   | Place    | Note
-------+----------+-------------------------------------------
     0 | D:1      | Delamore the Gargoyle Fighter began the quest for the Orb.
     0 | D:1      | Reached XP level 1. HP: 14/14 MP: 1/1
   182 | D:1      | Reached XP level 2. HP: 19/19 MP: 2/2
   818 | D:2      | Reached XP level 3. HP: 24/24 MP: 3/3
   823 | D:2      | Reached skill level 4 in Fighting
   884 | D:2      | Slain by a gnoll

Illustrated notes

Levels and vault maps discovered:
D:1:      dpeg_arrival_pond, layout_basic
D:2:      layout_basic, grunt_temple_overflow_growth_and_decay,
          grunt_temple_overflow_cloverleaf, first_ration, minmay_tripent,
          uniq_terence

Skill      XL: |  1  2  3 |
---------------+----------+-----
Fighting       | 4 |  4.2
Maces & Flails | 3 |  3.1
Armour         | |  3.2
Shields        | |  3.2

Action                   || total
-------------------------++-------
Melee: Flail             ||   117
Armor: Scale mail        ||    54
Dodge: Dodged            ||    45
Block: Kite shield       ||    76
